 Dungeon Crawl Stone Soup version 0.30-a0-845-g7c6808c8ce (webtiles) character file.

Game seed: 16513890530220277721

140 qeuew the Grasshopper (level 5, 0/43 HPs)
             Began as a Gnoll Warper on Mar 2, 2023.
             Was an Initiate of Vehumet.
             Succumbed to an orc wizard's poison
             ... on level 3 of the Dungeon.
             The game lasted 00:06:05 (3402 turns).

qeuew the Grasshopper (Gnoll Warper)                Turns: 3402, Time: 00:06:05

Health: 0/43       AC:  3    Str: 12    XL:     5   Next: 23%
Magic:  12/12      EV: 13    Int: 19    God:    Vehumet [......]
Gold:   211        SH:  0    Dex: 11    Spells: 8/14 levels left

rFire   . . .      SeeInvis .    a - +0 spear
rCold   . . .      Faith    .    (no shield)
rNeg    . . .      Spirit   .    b - +0 leather armour
rPois   .          Reflect  .    (no helmet)
rElec   .          Rampage  .    (no cloak)
rCorr   .                        (no gloves)
Will    .....                    (no boots)
Stlth   +                        (no amulet)
HPRegen 0.27/turn                e - ring of wizardry
MPRegen 0.13/turn                i - +6 ring of intelligence

@: confused, lethally poisoned (0 -> -3)
A: fangs 1, strong nose, distributed training
a: Renounce Religion


You were on level 3 of the Dungeon.
You worshipped Vehumet.
Vehumet was noncommittal.
You visited 1 branch of the dungeon, and saw 4 of its levels.

You collected 211 gold pieces.

Inventory:

Hand Weapons
 a - a +0 spear (weapon)
Missiles
 d - 7 boomerangs of dispersal
 h - 4 boomerangs
Armour
 b - a +0 leather armour (worn)
Jewellery
 e - a ring of wizardry (left hand)
 i - a +6 ring of intelligence (right hand)
Scrolls
 c - a scroll of blinking
 f - 2 scrolls of magic mapping
 j - a scroll of teleportation {unknown}
Potions
 g - 2 potions of haste


   Skills:
 + Level 4.8 Fighting
 + Level 1.4 Short Blades
 + Level 1.4 Long Blades
 + Level 1.4 Axes
 + Level 1.4 Maces & Flails
 + Level 4.8 Polearms
 + Level 1.4 Staves
 + Level 1.4 Ranged Weapons
 + Level 3.0 Throwing
 + Level 3.0 Armour
 + Level 4.8 Dodging
 + Level 1.4 Stealth
 + Level 1.4 Shields
 + Level 1.4 Unarmed Combat
 + Level 5.2 Spellcasting
 + Level 1.1 Conjurations
 + Level 1.1 Hexes
 + Level 1.1 Summonings
 + Level 1.1 Necromancy
 + Level 5.5 Translocations
 + Level 1.1 Transmutations
 + Level 1.1 Fire Magic
 + Level 1.1 Ice Magic
 + Level 1.1 Air Magic
 + Level 1.1 Earth Magic
 + Level 1.1 Poison Magic
 + Level 1.6 Invocations
 + Level 1.4 Evocations


You had 8 spell levels left.
You knew the following spells:

 Your Spells              Type           Power      Damage    Failure   Level
a - Blink                 Tloc           52%        N/A       1%          2
b - Manifold Assault      Tloc           26%        N/A       6%          4

Your spell library contained the following spells:

 Spells                   Type           Power      Damage    Failure   Level
 Lesser Beckoning         Tloc           52%        N/A       1%          2
 Teleport Other           Tloc           26%        N/A       1%          3
 Beastly Appendage        Tmut           18%        N/A       4%          1
 Kiss of Death            Conj/Necr      36%        2d8       4%          1
 Vhi's Electric Charge    Tloc/Air       34%        N/A       4%          3
 Sublimation of Blood     Necr           9%         N/A       6%          2
 Wereblood                Tmut           9%         N/A       6%          2
 Confusing Touch          Hex            9%         N/A       12%         3
 Spider Form              Tmut/Pois      9%         N/A       12%         3
 Stone Arrow              Conj/Erth      18%        3d8       12%         3
 Animate Armour           Summ/Erth      18%        N/A       34%         4
 Dispel Undead            Necr           9%         3d8       34%         4
 Summon Hydra             Summ           4%         N/A       100%        7
 Lehudib's Crystal Spear  Conj/Erth      4%         10d3      100%        8


Dungeon Overview and Level Annotations

Branches:
Dungeon (4/15)
 Temple: D:4-7

Altars:
Okawaru
Vehumet

Shops:
D:1 !   D:3 =


Innate Abilities, Weirdness & Mutations

You have very sharp teeth.
Your uncanny sense of smell can sniff out nearby items.
Your experience applies equally to all skills.


Message History

You are poisoned.
The orc misses you.
You climb upwards.
Reactivating autopickup.
You feel very sick.
There is a stone staircase leading down here.
You puncture the orc!
You kill the orc!
Vehumet accepts your kill.
You feel sick. Something barely misses you.
You feel sick.
You hear some strange, mumbled words.
Deactivating autopickup; reactivate with Ctrl-A.
Something tries to affect you, but you resist.
You feel sick. Something hits you.
There is a stone staircase leading down here.
You feel sick. Something hits you.
* * * LOW HITPOINT WARNING * * *
You are lethally poisoned!
You completely miss something.
* * * LOW HITPOINT WARNING * * *
You feel sick. Something barely misses you.
You closely miss something. Your bite misses something.
* * * LOW HITPOINT WARNING * * *
You feel sick.
You hear some strange, mumbled words.
You are confused.
Okay, then.
You miss something. Your bite misses something.
* * * LOW HITPOINT WARNING * * *
You feel sick. Something barely misses you.
You hit something. You bite something.
* * * LOW HITPOINT WARNING * * *
You feel sick.
You bump into the rock wall.
* * * LOW HITPOINT WARNING * * *
You feel sick.
You hear some strange, mumbled words.
You are more confused.
You completely miss something.
You die...

.###..)##.#####.#....# #.#
.##..#...<......#....#######.# #
....###<....#####[...........####
###).#....#....##)#..............
##...#..####.##.#...#..^...####
##.#...####.#....###.####.# #
#........................#
#.......####>..####.####.#
#..........{@)## #.# #.#
#.......####### #.# #.####
##.....## #.# #..... ##...## #.#
#.#### ##.## #.###### #.#
#.##~_#####
#.##############.###.#....
#................!.'.#####
####################.#


There were no monsters in sight!

Vanquished Creatures
  A jelly (D:4)
  3 adders
  3 dart slugs
  8 orcs (D:3)
  7 ball pythons
  7 endoplasms
  3 giant cockroaches
  9 goblins
  5 hobgoblins
  2 kobolds (D:1)
  3 quokkas
  3 bats
  2 frilled lizards (D:1)
  4 rats
60 creatures vanquished.

Notes
Turn   | Place    | Note
-------+----------+-------------------------------------------
     0 | D:1      | qeuew the Gnoll Warper began the quest for the Orb.
     0 | D:1      | Reached XP level 1. HP: 20/20 MP: 6/6
   114 | D:1      | Reached XP level 2. HP: 26/26 MP: 7/7
   495 | D:1      | Found Luicea Meir's Distillery.
   561 | D:1      | Reached skill level 5 in Spellcasting
   561 | D:1      | Reached XP level 3. HP: 29/31 MP: 7/9
   605 | D:1      | Learned a level 2 spell: Blink
  1333 | D:2      | Reached skill level 1 in Invocations
  1566 | D:2      | Reached skill level 1 in Short Blades
  1566 | D:2      | Reached skill level 1 in Long Blades
  1566 | D:2      | Reached skill level 1 in Axes
  1566 | D:2      | Reached skill level 1 in Maces & Flails
  1566 | D:2      | Reached skill level 1 in Staves
  1566 | D:2      | Reached skill level 1 in Ranged Weapons
  1566 | D:2      | Reached skill level 1 in Stealth
  1566 | D:2      | Reached skill level 1 in Shields
  1566 | D:2      | Reached skill level 1 in Unarmed Combat
  1566 | D:2      | Reached skill level 1 in Evocations
  1585 | D:2      | Found an iron altar of Okawaru.
  1846 | D:2      | Reached XP level 4. HP: 21/38 MP: 11/11
  2105 | D:2      | Learned a level 4 spell: Manifold Assault
  2314 | D:3      | Reached skill level 1 in Conjurations
  2314 | D:3      | Reached skill level 1 in Hexes
  2314 | D:3      | Reached skill level 1 in Summonings
  2314 | D:3      | Reached skill level 1 in Necromancy
  2314 | D:3      | Reached skill level 1 in Transmutations
  2314 | D:3      | Reached skill level 1 in Fire Magic
  2314 | D:3      | Reached skill level 1 in Ice Magic
  2314 | D:3      | Reached skill level 1 in Air Magic
  2314 | D:3      | Reached skill level 1 in Earth Magic
  2314 | D:3      | Reached skill level 1 in Poison Magic
  2584 | D:3      | Found Zackun Enaq's Jewellery Shoppe.
  2964 | D:3      | Found a radiant altar of Vehumet.
  2964 | D:3      | Found an iron altar of Okawaru.
  3058 | D:3      | Became a worshipper of Vehumet
  3117 | D:4      | Reached XP level 5. HP: 21/43 MP: 12/12
  3400 | D:3      | HP: 2/43 [poisoned by an orc wizard]
  3402 | D:3      | Succumbed to an orc wizard's poison

Illustrated notes

Levels and vault maps discovered:
D:1:      minmay_arrival_cross, layout_loops_ring, serial_shops,
          nicolae_shop_waterfront, minmay_misc_feat_pillars, minivault_4,
          minmay_parallelograms, minmay_stone_trees_medium, st_stairs_5,
          minmay_splitting_lines, amcnicky_mini_rare_corridor_liquid,
          hangedman_decor_growths
D:2:      layout_loops_corners, basic_altar, st_stairs_14, hex_tiny
D:3:      layout_loops_ring, gammafunk_temple_overflow_elements, serial_shops,
          shop, kennysheep_pointless_box
D:4:      layout_rooms, lemuel_mausoleum_altar_yredelemnul,
          kennysheep_generic_room_5, uniq_eustachio

Skill      XL: |  1  2  3  4  5 |
---------------+----------------+-----
Spellcasting   | 5 |  5.2
Invocations    | 1 |  1.6
Short Blades   | 1 |  1.4
Long Blades    | 1 |  1.4
Axes           | 1 |  1.4
Maces & Flails | 1 |  1.4
Staves         | 1 |  1.4
Ranged Weapons | 1 |  1.4
Stealth        | 1 |  1.4
Shields        | 1 |  1.4
Unarmed Combat | 1 |  1.4
Evocations     | 1 |  1.4
Conjurations   | 1 |  1.1
Hexes          | 1 |  1.1
Summonings     | 1 |  1.1
Necromancy     | 1 |  1.1
Transmutations | 1 |  1.1
Fire Magic     | 1 |  1.1
Ice Magic      | 1 |  1.1
Air Magic      | 1 |  1.1
Earth Magic    | 1 |  1.1
Poison Magic   | 1 |  1.1
Throwing       | 3 |  3.0
Armour         | 3 |  3.0
Fighting       | |  4.8
Polearms       | |  4.8
Dodging        | |  4.8
Translocations | |  5.5

Action                     |  1- 3 |  4- 6 || total
---------------------------+-------+-------++-------
  Melee: Spear             |   152 |   107 ||   259
         Bite              |    14 |    12 ||    26
         Punch             |     2 |     1 ||     3
   Cast: Blink             |     1 |       ||     1
         Manifold Assault  |       |     1 ||     1
    Use: Scroll            |     4 |     4 ||     8
         Potion            |     3 |     4 ||     7
   Stab: Sleeping          |     1 |     3 ||     4
 Armour: Leather armour    |    24 |    14 ||    38
  Dodge: Dodged            |    69 |    34 ||   103

Table legend: (Time is in decaauts)
 A = Elapsed time spent in this place.
 B = Non-inter-level travel time spent in this place.
 C = Inter-level travel time spent in this place.
 D = Time resting spent in this place.
 E = Time spent auto-exploring this place.
 F = Levels seen in this place.
 G = Mean time per level.
                   A        B        C        D        E       F      G
               +--------+--------+--------+--------+--------+-----+--------+
         Total |   3367 |   3308 |     59 |    114 |   2719 |   4 |  841.8 |
       Dungeon |   3367 |   3308 |     59 |    114 |   2719 |   4 |  841.8 |
               +--------+--------+--------+--------+--------+-----+--------+

Top non-repeatable levels by time:
     D:3: 1095 daAuts
     D:2: 1058 daAuts
     D:1: 1050 daAuts
     D:4: 162 daAuts
